 Dungeon Crawl Stone Soup version 0.27-a0-1193-g8631133539 (webtiles) character file.

Game seed: 12713557926955850687

129 pcat the Conjurer (level 4, 0/25 HPs)
             Began as a Deep Elf Conjurer on May 27, 2021.
             Slain by an ogre
             ... wielding a +0 giant spiked club
              (25 damage)
             ... on level 4 of the Dungeon.
             The game lasted 00:04:24 (2870 turns).

pcat the Conjurer (Deep Elf Conjurer)               Turns: 2870, Time: 00:04:24

Health: 0/25       AC:  3    Str:  4    XL:     4   Next: 88%
Magic:  8/12       EV: 13    Int: 24    God:
Gold:   96         SH:  0    Dex: 19    Spells: 9/12 levels left

rFire    . . .     SeeInvis .   e - +0 dagger
rCold    . . .     Faith    .   (no shield)
rNeg     . . .     Spirit   .   a - +0 robe
rPois    .         Reflect  .   (no helmet)
rElec    .         Harm     .   j - scarf {+Inv}
rCorr    .         Rampage  .   p - +0 pair of gloves
Will     +....                  (no boots)
Stlth    ++........             (no amulet)
HPRegen  0.08/turn              d - ring of willpower
MPRegen  0.13/turn              l - +6 ring of dexterity

@: no status effects
A: no striking features
a: Evoke Invisibility


You were on level 4 of the Dungeon.
You visited 1 branch of the dungeon, and saw 4 of its levels.

You collected 96 gold pieces.

Inventory:

Hand Weapons
 e - a +0 dagger (weapon)
Missiles
 b - 65 stones
 m - 17 sling bullets
Armour
 a - a +0 robe (worn)
 j - a scarf of invisibility (worn)
 p - a +0 pair of gloves (worn)
Jewellery
 d - a ring of willpower (left hand)
 l - a +6 ring of dexterity (right hand)
Scrolls
 c - 2 scrolls of noise {unknown}
 f - a scroll of acquirement {unknown}
 k - a scroll of fear {unknown}
 n - a scroll of enchant armour {unknown}
Potions
 g - 2 potions of might {unknown}
 h - a potion of curing {unknown}
 i - a potion of berserk rage {unknown}
 o - a potion of heal wounds {unknown}


   Skills:
 + Level 1.4 Fighting
 - Level 2.4 Dodging
 - Level 2.4 Stealth
 * Level 4.9 Spellcasting
 * Level 5.5 Conjurations


You had 9 spell levels left.
You knew the following spells:

 Your Spells              Type           Power      Damage    Failure   Level
a - Magic Dart            Conj           100%       1d8       1%          1
b - Searing Ray           Conj           64%        3d5       1%          2

Your spell library contained the following spells:

 Spells                   Type           Power      Damage    Failure   Level
 Beastly Appendage        Tmut           10%        N/A       9%          1
 Dazzling Flash           Conj/Hex       38%        N/A       9%          3
 Wereblood                Tmut           5%         N/A       14%         2
 Spider Form              Tmut/Pois      2%         N/A       26%         3
 Fulminant Prism          Conj/Hex       9%         3d7       28%         4
 Iskenderun's Mystic Bla  Conj/Tloc      19%        2d6       28%         4
 Ice Form                 Ice/Tmut       5%         N/A       65%         4
 Hydra Form               Tmut           2%         N/A       94%         5


Dungeon Overview and Level Annotations

Branches:
Dungeon (4/15)
 Temple: D:4-7

Altars:
Xom


Message History

Found a stone staircase leading up.
You see here a +0 pair of gloves.
p - a +0 pair of gloves
Okay, then.
You start putting on your armour.
You continue putting on your +0 pair of gloves. x4
You finish putting on your +0 pair of gloves.
A hobgoblin comes into view.
The magic dart hits the hobgoblin but does no damage.
The hobgoblin shouts!
The magic dart hits the hobgoblin.
The hobgoblin is moderately wounded.
The magic dart hits the hobgoblin!
You kill the hobgoblin!
Found 19 arrows.
b - 65 stones (gained 23)
You open the door.
There is an open door here.
You now have 79 gold pieces (gained 6).
You now have 96 gold pieces (gained 17).
An ogre comes into view. It is wielding a +0 giant spiked club.
You see here a bubbling golden potion.
An ogre is nearby!
Casting: Magic Dart (safe; 1% risk of failure)
Confirm with . or Enter, or press ? or * to list all spells.
Aiming: Searing Ray (safe; 1% risk of failure)
Press: ? - help, Shift-Dir - straight line, f - ogre
Aim: an ogre, wielding a +0 giant spiked club (asleep, 100% to hit)
The searing ray hits the ogre.
The ogre is moderately wounded.
The ogre shouts! (Press . to maintain the ray.)
The searing ray hits the ogre!
The ogre is heavily wounded.
The searing ray hits the ogre!
The ogre is almost dead.
The ogre hits you with a +0 giant spiked club!!
Ouch! That really hurt!
You die...

.......# ..#
...#...#...#.#
...#..<......#
.............#
#.#...........
....###.###..# ..#.# .#
.. #...# .# .#####
#.#.# .# #.@.#
###.###.## #.#O#
........<# #.#...
###.####.### #.#####
#..........# #.##
#...###########..##.#..
+...'..................
#...############..#.#.#
#...##### #.# ..


You could see an ogre.

Vanquished Creatures
  A bullfrog skeleton (D:4)
  3 adders
  2 worms (D:2)
  4 dart slugs
  5 ball pythons
  6 endoplasms
  2 giant cockroaches
  4 goblins
  7 hobgoblins
  7 jackals
  A quokka (D:1)
  5 bats
  3 frilled lizards
  2 kobolds
  5 rats
57 creatures vanquished.

Notes
Turn   | Place    | Note
-------+----------+-------------------------------------------
     0 | D:1      | pcat the Deep Elf Conjurer began the quest for the Orb.
     0 | D:1      | Reached XP level 1. HP: 10/10 MP: 6/6
   450 | D:1      | Reached XP level 2. HP: 15/15 MP: 2/8
  1297 | D:2      | Reached XP level 3. HP: 20/20 MP: 7/10
  1343 | D:2      | Found a shimmering altar of Xom.
  1693 | D:2      | Reached skill level 5 in Conjurations
  1696 | D:2      | Learned a level 2 spell: Searing Ray
  1700 | D:2      | Reached skill level 1 in Fighting
  2104 | D:3      | Reached XP level 4. HP: 25/25 MP: 10/12
  2867 | D:4      | Noticed an ogre
  2870 | D:4      | Slain by an ogre

Illustrated notes

Levels and vault maps discovered:
D:1:      evilmike_arrival_hilbert_curve, layout_loops_ring, serial_park_tiny_2
D:2:      layout_rooms, basic_altar
D:3:      layout_basic
D:4:      layout_basic, minmay_misc_feat_ornament, uniq_sigmund

Skill      XL: |  1  2  3 |
---------------+----------+-----
Spellcasting   | 4 |  4.9
Conjurations   | 5 |  5.5
Fighting       | 1 |  1.4
Dodging        | |  2.4
Stealth        | |  2.4

Action                   |  1- 3 |  4- 6 || total
-------------------------+-------+-------++-------
 Cast: Magic Dart        |    76 |    30 ||   106
       Searing Ray       |     2 |     1 ||     3
Armor: Robe              |     1 |       ||     1
Dodge: Dodged            |     3 |     2 ||     5

Table legend: (Time is in decaauts)
 A = Elapsed time spent in this place.
 B = Non-inter-level travel time spent in this place.
 C = Inter-level travel time spent in this place.
 D = Time resting spent in this place.
 E = Time spent auto-exploring this place.
 F = Levels seen in this place.
 G = Mean time per level.
                   A        B        C        D        E       F      G
               +--------+--------+--------+--------+--------+-----+--------+
         Total |   2867 |   2783 |     84 |    277 |   2266 |   4 |  716.8 |
       Dungeon |   2867 |   2783 |     84 |    277 |   2266 |   4 |  716.8 |
               +--------+--------+--------+--------+--------+-----+--------+

Top non-repeatable levels by time:
     D:1: 1147 daAuts
     D:2: 912 daAuts
     D:3: 687 daAuts
     D:4: 120 daAuts
